 Dungeon Crawl Stone Soup version 0.20.0-15-g7f486f2 (webtiles) character file.

109203 Hasart the Scorcher (level 16, -3/110 HPs)
             Began as a Demonspawn Fire Elementalist on June 11, 2017.
             Was the Champion of Sif Muna.
             Slain by a dire flail of crushing (21 damage)
             ... on level 1 of the Elven Halls.
             The game lasted 02:30:39 (33076 turns).

Hasart the Scorcher (Demonspawn Fire Elementalist) Turns: 33076, Time: 02:30:40

Health: -3/110     AC: 15    Str: 18    XL:     16   Next: 4%
Magic:  1/56       EV: 12    Int: 21    God:    Sif Muna [******]
Gold:   2773       SH:  5    Dex: 15    Spells: 8/39 levels left

rFire    + + .     SeeInvis .   j - staff of power
rCold    + + .     Gourm    .   I - +0 buckler {AC+3}
rNeg     . . .     Faith    +   O - +1 troll leather armour
rPois    .         Spirit   .   (helmet restricted)
rElec    .         Reflect  .   m - scarf {rC+ rF+}
rCorr    .         Harm     .   B - +2 pair of gloves {Str+3}
MR       +....     Clarity  +   q - +0 pair of boots
Stlth    ++........             G - amulet of faith
Regen    0.7/turn               F - ring of wizardry
MPRegen  0.4/turn               p - ring of magical power

@: mighty
A: horns 2, talons 1, icy blue scales 2, clarity, cold resistance 1, fire
resistance 1, powered by pain 2
a: Divine Energy, Channel Magic, Forget Spell, Renounce Religion


You were on level 1 of the Elven Halls.
You worshipped Sif Muna.
Sif Muna was exalted by your worship.
You were not hungry.

You visited 5 branches of the dungeon, and saw 25 of its levels.
You also visited: Bailey, Ice Cave and Volcano.

You collected 2975 gold pieces.
You spent 202 gold pieces at shops.

Inventory:

Hand Weapons
 y - the +7 falchion of Causality {drain, rElec}
   (You found it on level 6 of the Lair of Beasts)

   A truly terrible weapon, it drains the life of those it strikes.
   It insulates you from electricity.
 M - a +2 dagger of electrocution
Armour
 e - +0 acid dragon scales
 m - a scarf of resistance (worn)
 q - a +0 pair of boots (worn)
 B - a +2 pair of gloves of strength (worn)
 I - a +0 buckler of protection (worn)
 O - a +1 troll leather armour (worn)
Magical Staves
 j - an uncursed staff of power (weapon)
 D - an uncursed staff of summoning {unknown}
 J - an uncursed staff of fire
Jewellery
 p - a ring of magical power (right hand)
 w - an uncursed ring of protection from magic
 x - a +1 ring of protection {unknown}
 z - an uncursed ring of protection from magic
 F - a ring of wizardry (left hand)
 G - an amulet of faith (around neck)
 L - an uncursed amulet of rage {unknown}
 V - an uncursed ring of protection from cold
Wands
 l - a wand of paralysis (12/24)
 r - a wand of lightning (6/15)
 t - a wand of acid (3/15)
 u - a wand of lightning (7/15)
 v - a wand of scattershot (4/9)
 A - a wand of polymorph (10/24)
 C - a wand of digging (18/24)
Scrolls
 g - 11 scrolls of identify
 h - 11 scrolls of remove curse
 i - 7 scrolls of teleportation
 k - 5 scrolls of magic mapping
 n - a scroll of enchant weapon
 E - a scroll of fear {unknown}
 H - a scroll of enchant armour
 N - a scroll of summoning
Potions
 d - 3 potions of resistance
 s - 2 potions of curing
 R - 2 potions of magic
 T - 6 potions of brilliance
Books
 b - Sif Muna's Papyrus of Supportive Flight
   (Sif Muna gifted it to you on level 13 of the Dungeon)

   Spells                             Type                      Level
   a - Swiftness                      Charms/Air                   2
   b - Mephitic Cloud                 Conjuration/Poison/Air       3
   c - Airstrike                      Air                          4
   d - Aura of Abjuration             Summoning                    5
Comestibles
 c - 17 bread rations
 f - 4 meat rations


   Skills:
 + Level 5.4 Fighting
 + Level 3.7 Armour
 - Level 1.7 Dodging
 - Level 1.7 Stealth
 - Level 5.1 Shields
 + Level 12.3 Spellcasting
 + Level 13.8 Conjurations
 - Level 8.0 Charms
 * Level 15.2 Fire Magic
 - Level 8.5 Invocations
 - Level 2.8 Evocations


You had 8 spell levels left.
You knew the following spells:

 Your Spells              Type           Power        Failure   Level  Hunger
a - Flame Tongue          Conj/Fire      #####        0%          1    None
b - Sticky Flame          Conj/Fire      ######..     1%          4    None
c - Fireball              Conj/Fire      ######....   1%          5    ####...
d - Iskenderun's Mystic   Conj           ######..     1%          4    None
e - Ring of Flames        Chrm/Fire      ######....   16%         7    #######
f - Blink                 Tloc           N/A          3%          2    None
g - Swiftness             Chrm/Air       ####....     1%          2    None
s - Bolt of Fire          Conj/Fire      ######....   1%          6    #####..


Dungeon Overview and Level Annotations

Branches:
Dungeon (15/15) Temple (1/1) D:6 Lair (6/6) D:9 Shoals (0/4) Lair:3 Spider (0/4) Lair:2 Slime (0/5) Lair:5 Orc (2/2) D:12 Elf (1/3) Orc:2 Vaults (0/5) D:12 D:13 Depths (0/5) D:15

Altars:
Cheibriados
Fedhas
Hepliaklqana
Kikubaaqudgha
Makhleb
Nemelex Xobeh
Okawaru
Ru
Sif Muna
Uskayaw
Vehumet
Yredelemnul
Zin
Beogh
Jiyva

Shops:
Orc:1 =   Orc:2 ?::}

Portals:
Hell: Lair:6

Annotations:
Lair:6 Gorglomux's ghost, journeyman MiBe


Innate Abilities, Weirdness & Mutations

You have a pair of horns on your head.
You are mostly covered in icy blue scales. (AC +3)
Your flesh is heat resistant. (rF+)
You sometimes gain power by taking damage.
You have sharp toenails.
You possess an exceptional clarity of mind.
Your flesh is cold resistant. (rC+)


Message History

The dire flail of crushing is heavily damaged.
You are starving!
The dire flail of crushing closely misses you.
You eat one of the 5 meat rations.
That meat ration really hit the spot!
The dire flail of crushing hits you but does no damage.
Casting: Fireball
Confirm with . or Enter, or press ? or * to list all spells.
You blink.
Unknown command.
Casting: Blink
Confirm with . or Enter, or press ? or * to list all spells.
Aiming: Fireball
Press: ? - help, Shift-Dir - straight line, f - dire flail of crushing
Aim: a dire flail of crushing (heavily damaged)
The fireball explodes!
The fireball engulfs the dire flail of crushing.
The dire flail of crushing resists.
The dire flail of crushing is severely damaged.
The dire flail of crushing hits you!!
You die...

............+E.+.....#..#
............###..#.#+#.##
............# ######... #
....).......# ##.## .#
...........## ##.###'###
'........))## ####
#.'.....##
##.......##.####..#
##.......##
############(#....#
#.........#
###(..(@.#####.........#
#........'...'.........#
###
###......#####.........#
##.## ###....#
#>........# ##...##
###.(# ##))).(..##
#.....# #### ##'#.....##
##'...## ##.########
#.##.## ##.## .#####
##.##


You could see a dire flail of crushing.

Vanquished Creatures
  Rupert (D:13)
  Kirke (D:14)
  Agnes (D:14)
  A deep elf sorcerer (Elf:1)
  A frost giant (IceCv)
  2 orc warlords
  Nessos (Lair:6)
  A dire elephant (Lair:6)
  Josephine (Lair:5)
  A yaktaur captain (D:15)
  A hell beast (Lair:6)
  2 centaur warriors
  7 hydras
  2 tengu warriors (D:15)
  7 two-headed ogres
  A dancing weapon (Elf:1)
  An ogre mage (Volcano)
  A death yak (IceCv)
  Urug (D:13)
  3 deep elf knights (Elf:1)
  3 skeletal warriors (D:13)
  A hell knight (Volcano)
  4 deep elf archers (Elf:1)
  2 wizards
  2 orc knights
  6 orc sorcerers (Orc:2)
  16 deep elf magi (Elf:1)
  A wolf spider zombie (D:15)
  A manticore (Lair:3)
  7 ugly things
  2 cyclopes (D:15)
  17 elephants
  Joseph (D:9)
  3 black mambas
  Psyche (D:8)
  An ice statue (IceCv)
  2 molten gargoyles (Volcano)
  2 gargoyles (D:15)
  2 orange demons (Lair:6)
  11 spiny frogs
  2 centaur skeletons
  A yaktaur (D:15)
  8 rime drakes
  4 komodo dragons
  An efreet (D:13)
  A hellwing (Lair:6)
  3 ice devils (Lair:6)
  5 trolls
  A red devil (Lair:6)
  12 polar bears
  19 blink frogs
  18 hippogriffs
  Grinder (D:5)
  4 slime creatures (D:13)
  5 dream sheep (Lair:6)
  A dream sheep (shapeshifter) (D:13)
  2 air elementals (Elf:1)
  4 hogs
  6 wyverns
  Eustachio (D:6)
  2 redbacks (Lair:2)
  3 fire elementals
  4 wraiths
  2 fire bats (Volcano)
  47 yaks
  A hungry ghost (D:12)
  3 basilisks
  15 humans
  Grum (D:10)
  3 vampire mosquitoes (D:15)
  9 wargs
  10 water moccasins
  3 acid dragons
  6 hell hounds
  6 porcupines
  An ice beast (D:6)
  3 sky beasts
  17 orc warriors
  2 black bears
  2 eyes of draining (D:9)
  16 ogres
  A necrophage (D:6)
  3 phantoms
  21 wolves
  3 centaurs
  14 crocodiles
  3 big kobolds
  15 bullfrogs
  A wyvern zombie (D:11)
  A water moccasin zombie (D:9)
  6 scorpions
  3 killer bees (D:12)
  9 crimson imps
  6 centaur zombies
  7 lava snakes
  A quasit (D:5)
  6 hounds
  20 orc priests
  8 jellies
  A bullfrog skeleton (D:12)
  A human zombie (D:3)
  6 iguanas
  Natasha (twice) (D:2)
  42 orc wizards
  13 worker ants
  A hound zombie (D:8)
  A worker ant zombie (D:9)
  15 adders
  12 gnolls
  A howler monkey skeleton (D:5)
  6 shadow imps
  An ooze (D:1)
  An adder skeleton (D:4)
  2 adder zombies
  6 worms
  A dart slug (D:1)
  6 leopard geckos
  77 orcs
  2 ball pythons
  4 bats
  4 giant cockroaches
  20 goblins
  7 hobgoblins
  9 jackals
  4 quokkas
  7 frilled lizards
  A jackal zombie (D:5)
  34 kobolds
  A leopard gecko skeleton (D:8)
  A quokka skeleton (D:8)
  A quokka zombie (D:6)
  10 rats
805 creatures vanquished.

Vanquished Creatures (others)
  A water moccasin (D:14)
  A human (D:3)
  A fire vortex (Lair:3)
  5 fungi
  2 plants (Lair:6)
10 creatures vanquished.

Grand Total: 815 creatures vanquished

Notes
Turn   | Place    | Note
-------+----------+-------------------------------------------
     0 | D:1      | Hasart the Demonspawn Fire Elementalist began the quest for the Orb.
     0 | D:1      | Reached XP level 1. HP: 13/13 MP: 3/3
   146 | D:1      | Gained mutation: You have a pair of small horns on your head. [demonic ancestry]
   146 | D:1      | Reached XP level 2. HP: 8/19 MP: 0/5
   541 | D:1      | Reached skill level 3 in Fire Magic
   708 | D:1      | Gained mutation: Your flesh is heat resistant. (rF+) [demonic ancestry]
   708 | D:1      | Reached XP level 3. HP: 10/24 MP: 4/6
  1480 | D:2      | Found a faded altar of an unknown god.
  1500 | D:2      | Found a hide-covered altar of Uskayaw.
  1508 | D:2      | Noticed a dagger
  1509 | D:2      | Noticed a dagger
  1781 | D:2      | Noticed Natasha
  1788 | D:2      | Killed Natasha
  1935 | D:2      | Reached XP level 4. HP: 30/30 MP: 7/7
  1995 | D:2      | Learned a level 4 spell: Sticky Flame
  2272 | D:2      | Noticed Natasha
  2275 | D:2      | Killed Natasha
  2275 | D:2      | Reached XP level 5. HP: 35/35 MP: 9/9
  3185 | D:3      | Found an ancient bone altar of Kikubaaqudgha.
  3185 | D:3      | Noticed a human
  3192 | D:3      | Killed a human
  3908 | D:4      | Reached XP level 6. HP: 32/41 MP: 10/10
  3971 | D:4      | Found a burning altar of Makhleb.
  4445 | D:5      | Entered Level 5 of the Dungeon
  4564 | D:5      | Reached skill level 4 in Fire Magic
  4627 | D:5      | Reached skill level 5 in Conjurations
  4993 | D:5      | Gained mutation: You are partially covered in icy blue scales. (AC +2) [demonic ancestry]
  4993 | D:5      | Reached XP level 7. HP: 34/46 MP: 12/12
  5167 | D:5      | Noticed Grinder
  5167 | D:5      | Paralysed by Grinder for 5 turns
  5179 | D:5      | Killed Grinder
  5186 | D:5      | Learned a level 5 spell: Fireball
  5793 | D:6      | Found a hazy altar of Hepliaklqana.
  5989 | D:6      | Gained mutation: You are mostly covered in icy blue scales. (AC +3) [demonic ancestry]
  5989 | D:6      | Reached XP level 8. HP: 52/52 MP: 14/14
  6023 | D:6      | Noticed Eustachio
  6036 | D:6      | Killed Eustachio
  6036 | D:6      | Reached skill level 5 in Fire Magic
  6423 | D:6      | Found a staircase to the Ecumenical Temple.
  6430 | Temple   | Entered the Ecumenical Temple
  6434 | Temple   | Became a worshipper of Sif Muna the Loreminder
  6456 | D:6      | Found a snail-covered altar of Cheibriados.
  6468 | D:6      | Reached skill level 5 in Spellcasting
  6658 | D:6      | Reached * piety under Sif Muna
  6810 | D:6      | Reached skill level 1 in Fighting
  6813 | D:6      | Reached XP level 9. HP: 49/59 MP: 15/17
  7166 | D:7      | Reached skill level 6 in Fire Magic
  7286 | D:7      | Found Zin's Purification Station.
  7287 | D:7      | Found a glowing silver altar of Zin.
  7291 | D:7      | Bought a potion of curing for 90 gold pieces
  7353 | D:7      | Reached ** piety under Sif Muna
  8394 | D:7      | Reached skill level 1 in Invocations
  8541 | D:8      | Noticed Psyche
  8552 | D:8      | Killed Psyche
  8552 | D:8      | Reached *** piety under Sif Muna
  8552 | D:8      | Reached skill level 1 in Evocations
  8553 | D:8      | Reached XP level 10. HP: 46/70 MP: 12/19
  8562 | D:8      | Reached skill level 10 in Conjurations
  8567 | D:8      | Gained mutation: Scrolls take you a little longer to read. [potion of mutation]
  8567 | D:8      | Gained mutation: You can translocate small distances at will. [potion of mutation]
  8567 | D:8      | Gained mutation: Your mind is acute. (Int +2) [potion of mutation]
  8632 | D:8      | HP: 1/70 [kobold/stone (4)]
  8642 | D:7      | Lost mutation: You can translocate small distances at will. [potion of mutation]
  8642 | D:7      | Lost mutation: Scrolls take you a little longer to read. [potion of mutation]
  8642 | D:7      | Lost mutation: Your mind is acute. (Int +2) [potion of mutation]
  8642 | D:7      | Gained mutation: You possess an exceptional clarity of mind. [potion of mutation]
  8642 | D:7      | Gained mutation: You have sharp toenails. [potion of mutation]
  8642 | D:7      | Gained mutation: Your flesh is cold resistant. (rC+) [potion of mutation]
  9678 | D:9      | Found a staircase to the Lair.
  9829 | D:9      | Reached skill level 7 in Fire Magic
  9924 | D:9      | Noticed Joseph
  9937 | D:9      | Killed Joseph
  9960 | D:9      | Noticed a two-headed ogre
  9970 | D:9      | Killed a two-headed ogre
  9970 | D:9      | Reached **** piety under Sif Muna
  9983 | D:9      | Found a sacrificial altar of Ru.
 11083 | D:9      | Reached skill level 5 in Invocations
 11286 | D:10     | Entered Level 10 of the Dungeon
 11498 | D:10     | Noticed Grum
 11514 | D:10     | Reached ***** piety under Sif Muna
 11515 | D:10     | Killed Grum
 11515 | D:10     | Gained mutation: You sometimes gain a little power by taking damage. [demonic ancestry]
 11515 | D:10     | Reached XP level 11. HP: 42/75 MP: 17/22
 11796 | D:10     | Identified Ashufiod's Collected Works on Conjuration and the Entourage (Sif Muna gifted it to you on level 10 of the Dungeon)
 11796 | D:10     | Received a gift from Sif Muna
 11803 | D:10     | Learned a level 4 spell: Iskenderun's Mystic Blast
 12143 | D:11     | Found a flagged portal.
 12181 | Bailey   | Entered a bailey
 12335 | Bailey   | Noticed an orc warlord
 12383 | Bailey   | Found a runed gate.
 12397 | Bailey   | Found a runed gate.
 12398 | Bailey   | Found a runed gate.
 12629 | Bailey   | Killed an orc warlord
 12629 | Bailey   | Reached skill level 8 in Fire Magic
 12684 | Bailey   | Identified a scroll of acquirement
 12703 | Bailey   | Identified the +1 pair of gloves "Deilem" {Str+3} (You found it in a bailey)
 13412 | D:11     | Noticed a white ugly thing
 13423 | D:11     | Killed a white ugly thing
 13423 | D:11     | Reached skill level 1 in Shields
 13682 | D:11     | Noticed a six-headed hydra
 13694 | D:11     | Killed a six-headed hydra
 14074 | D:11     | Identified Sif Muna's Tome of Arcane Weapons (Sif Muna gifted it to you on level 11 of the Dungeon)
 14074 | D:11     | Received a gift from Sif Muna
 14346 | D:12     | Noticed a two-headed ogre
 14352 | D:12     | Killed a two-headed ogre
 14677 | D:12     | Found a sacrificial altar of Ru.
 14696 | D:12     | Gained mutation: You sometimes gain power by taking damage. [demonic ancestry]
 14696 | D:12     | Reached XP level 12. HP: 81/81 MP: 24/24
 15362 | D:12     | Found a staircase to the Orcish Mines.
 15602 | D:13     | Found a gate to the Vaults.
 15602 | D:13     | Noticed Urug
 15602 | D:13     | Noticed a centaur warrior
 15602 | D:13     | Noticed Rupert
 15662 | Orc:1    | Entered Level 1 of the Orcish Mines
 15678 | Orc:1    | Found Kullem's Jewellery Emporium.
 16000 | Orc:1    | Reached skill level 9 in Fire Magic
 16001 | Orc:1    | Noticed a two-headed ogre
 16025 | Orc:1    | Killed a two-headed ogre
 16039 | D:12     | Received a gift from Sif Muna
 16044 | D:12     | Identified Sif Muna's Disquisition on Malediction and Fire (Sif Muna gifted it to you on level 12 of the Dungeon)
 16053 | D:12     | Learned a level 7 spell: Ring of Flames
 16244 | Orc:1    | Found a roughly hewn altar of Beogh.
 16657 | Orc:2    | Entered Level 2 of the Orcish Mines
 16743 | Orc:2    | Found a dark tunnel.
 16754 | Volcano  | Entered a volcano
 17095 | Volcano  | Found a bloodstained altar of Trog.
 17095 | Volcano  | Noticed a two-headed ogre
 17095 | Volcano  | Noticed a two-headed ogre
 17095 | Volcano  | Noticed an ogre mage
 17095 | Volcano  | Noticed a two-headed ogre
 17104 | Volcano  | Killed a two-headed ogre
 17104 | Volcano  | Reached skill level 1 in Charms
 17106 | Volcano  | Noticed a two-headed ogre
 17113 | Volcano  | Killed a two-headed ogre
 17126 | Volcano  | Killed a two-headed ogre
 17128 | Volcano  | Killed an ogre mage
 17130 | Volcano  | Killed a two-headed ogre
 17199 | Volcano  | Reached skill level 10 in Fire Magic
 17845 | Orc:2    | Paralysed by an orc sorcerer for 5 turns
 17850 | Orc:2    | Reached XP level 13. HP: 86/86 MP: 26/26
 17895 | Orc:2    | Found Qionail's Book Boutique.
 17895 | Orc:2    | Found Edwor's Gadget Emporium.
 17962 | Orc:2    | Received a gift from Sif Muna
 17968 | Orc:2    | Identified Sif Muna's Guide on Darkness (Sif Muna gifted it to you on level 2 of the Orcish Mines)
 18055 | Orc:2    | Found a roughly hewn altar of Beogh.
 18332 | Orc:2    | Found Caulejem's Magic Scroll Boutique.
 18332 | Orc:2    | Found Kappik's Book Emporium.
 18337 | Orc:2    | Bought a scroll of blinking for 112 gold pieces
 18350 | Orc:2    | Noticed an orc warlord
 18358 | Orc:2    | Killed an orc warlord
 18358 | Orc:2    | Reached skill level 5 in Shields
 18639 | Orc:2    | Found a staircase to the Elven Halls.
 19133 | Lair:1   | Entered Level 1 of the Lair of Beasts
 19253 | Lair:1   | Found a frozen archway.
 19287 | Lair:1   | Reached skill level 11 in Fire Magic
 19364 | IceCv    | Entered an ice cave
 19940 | IceCv    | Identified Ivasi's Volume of Fetching Orientation (Sif Muna gifted it to you in an ice cave)
 19940 | IceCv    | Received a gift from Sif Muna
 19940 | IceCv    | Reached skill level 10 in Spellcasting
 19951 | IceCv    | Learned a level 2 spell: Blink
 20250 | IceCv    | Reached skill level 5 in Charms
 20522 | IceCv    | Noticed a frost giant
 20628 | IceCv    | Killed a frost giant
 20653 | IceCv    | Reached skill level 12 in Fire Magic
 20891 | IceCv    | Got a blackened spear
 20892 | IceCv    | Identified the cursed +1 spear of Contention {pain, rC+} (You found it in an ice cave)
 21970 | Lair:2   | Found a hole to the Spider Nest.
 22110 | Lair:2   | Reached XP level 14. HP: 93/93 MP: 28/28
 22340 | Lair:3   | Found a staircase to the Shoals.
 22611 | Lair:3   | Received a gift from Sif Muna
 22860 | Lair:3   | Identified the cursed +0 scale mail of Starshine {rF+} (You found it on level 3 of the Lair of Beasts)
 23141 | Lair:2   | Learned a level 6 spell: Bolt of Fire
 24302 | Lair:5   | Found a staircase to the Slime Pits.
 24302 | Lair:5   | Found a viscous altar of Jiyva.
 24480 | Lair:5   | Noticed Josephine
 24485 | Lair:5   | Killed Josephine
 24485 | Lair:5   | Reached skill level 13 in Fire Magic
 25165 | Lair:5   | You fall through a shaft!
 25165 | Lair:6   | Entered Level 6 of the Lair of Beasts
 25706 | Lair:6   | Identified Cuthrua's Catalogue of the Lucky Frostbite (Sif Muna gifted it to you on level 6 of the Lair of Beasts)
 25706 | Lair:6   | Received a gift from Sif Muna
 25962 | Lair:6   | Got a shimmering falchion
 25963 | Lair:6   | Identified the +7 falchion of Causality {drain, rElec} (You found it on level 6 of the Lair of Beasts)
 25999 | Lair:6   | Noticed Gorglomux's ghost (journeyman MiBe)
 26063 | Lair:6   | Reached ****** piety under Sif Muna
 26150 | Lair:6   | Noticed Nessos
 26153 | Lair:6   | Killed Nessos
 27385 | Lair:6   | Identified Sif Muna's Almanac of Attacks and Air (Sif Muna gifted it to you on level 6 of the Lair of Beasts)
 27385 | Lair:6   | Received a gift from Sif Muna
 27440 | Lair:6   | Found a burning altar of Makhleb.
 27701 | Lair:6   | Reached skill level 14 in Fire Magic
 27882 | Lair:6   | Reached XP level 15. HP: 55/98 MP: 30/30
 27954 | Lair:6   | Found a gateway to Hell.
 29095 | D:13     | Killed Urug
 29850 | D:13     | Killed Rupert
 29850 | D:13     | Identified Sif Muna's Papyrus of Supportive Flight (Sif Muna gifted it to you on level 13 of the Dungeon)
 29850 | D:13     | Received a gift from Sif Muna
 29850 | D:13     | Reached skill level 1 in Armour
 29855 | D:13     | Learned a level 2 spell: Swiftness
 30254 | D:14     | Noticed Kirke
 30258 | D:14     | Killed Kirke
 30818 | D:14     | Noticed Agnes
 30825 | D:14     | Killed Agnes
 31122 | D:15     | Entered Level 15 of the Dungeon
 31945 | D:15     | Found a staircase to the Depths.
 32151 | Elf:1    | Entered Level 1 of the Elven Halls
 32236 | Elf:1    | Found a radiant altar of Vehumet.
 32367 | Elf:1    | Reached skill level 15 in Fire Magic
 32376 | Elf:1    | Reached skill level 5 in Fighting
 32760 | Elf:1    | Noticed a deep elf sorcerer
 32765 | Elf:1    | Killed a deep elf sorcerer
 32765 | Elf:1    | Gained mutation: You have a pair of horns on your head. [demonic ancestry]
 32765 | Elf:1    | Reached XP level 16. HP: 109/109 MP: 32/32
 33076 | Elf:1    | Slain by a dire flail of crushing

Skill      XL: |  1  2  3  4  5  6  7  8  9 10 11 12 13 14 15 |
---------------+----------------------------------------------+-----
Conjurations   | 2 3 4 5 6 8 9 11 12 13 | 13.8
Fire Magic     | 3 4 5 6 7 8 10 12 14 15 | 15.2
Spellcasting   | 3 4 5 6 7 8 9 10 11 12 | 12.3
Fighting       | 1 3 5 |  5.4
Invocations    | 2 5 7 8 |  8.5
Evocations     | 1 2 |  2.8
Shields        | 2 4 5 |  5.1
Charms         | 3 5 8 |  8.0
Armour         | 3 |  3.7
Dodging        | |  1.7
Stealth        | |  1.7

Action                   |  1- 3 |  4- 6 |  7- 9 | 10-12 | 13-15 | 16-18 || total
-------------------------+-------+-------+-------+-------+-------+-------++-------
Melee: Spear             |    95 |    14 |     5 |       |       |       ||   114
       Headbutt          |     1 |       |     6 |    17 |     8 |       ||    32
       Flail             |       |       |     2 |       |       |       ||     2
       Rapier            |       |       |    54 |       |       |       ||    54
       Dagger            |       |       |       |    72 |       |       ||    72
       Staff             |       |       |       |    29 |    50 |     1 ||    80
       Kick              |       |       |       |     9 |       |       ||     9
       Quarterstaff      |       |       |       |     1 |       |       ||     1
       Falchion          |       |       |       |       |     2 |       ||     2
 Cast: Flame Tongue      |    28 |   131 |   137 |   366 |   613 |     4 ||  1279
       Sticky Flame      |       |     7 |    45 |    67 |   202 |     4 ||   325
       Fireball          |       |       |       |   106 |   101 |     3 ||   210
       Iskenderun's Myst |       |       |       |    35 |    45 |     3 ||    83
       Bolt of Fire      |       |       |       |       |   116 |    10 ||   126
       Blink             |       |       |       |       |     1 |     3 ||     4
       Ring of Flames    |       |       |       |       |     1 |       ||     1
       Swiftness         |       |       |       |       |       |     1 ||     1
Invok: Channel Magic     |       |       |       |     2 |       |       ||     2
 Abil: Blink             |       |       |       |     3 |       |       ||     3
Evoke: Wand              |       |       |     1 |       |     2 |       ||     3
  Use: Potion            |       |       |     3 |    13 |     3 |     1 ||    20
       Scroll            |       |       |     2 |    21 |     8 |     1 ||    32
 Stab: Sleeping          |     4 |     1 |       |       |       |       ||     5
  Eat: Chunk             |     3 |    11 |    18 |    44 |    64 |     1 ||   141
       Fruit             |       |       |       |     8 |    13 |       ||    21
       Royal jelly       |       |       |       |     7 |     2 |     1 ||    10
       Meat ration       |       |       |       |       |     6 |     1 ||     7
Armor: Robe              |    15 |    15 |    42 |    76 |       |       ||   148
       Skin              |       |       |       |     5 |       |       ||     5
       Troll leather arm |       |       |       |    59 |   276 |     7 ||   342
Dodge: Dodged            |    74 |    73 |   121 |   231 |   326 |     8 ||   833
Block: Buckler           |       |       |       |    40 |   156 |     4 ||   200
       Rpst.: Falchion   |       |       |       |       |     1 |       ||     1
